Cogmind - Beta 13 @@@ ROGUE MODE // 2024.05.14 @ 19:33:03 Player: my balls icht Result: Destroyed by B-36 Bruiser with Hammer Performance ------------- Evolutions (1) 500 Regions Visited (2) 400 Robots Destroyed (15) 75 Value Destroyed (368) 368 Prototype IDs (0) 0 Alien Tech Used (0) 0 Bonus (0) 0 TOTAL SCORE: 1343 Bonus ------- None Cogmind --------- Core Integrity 0/400 Matter 267/300 Energy 263/265 System Corruption 0% Temperature Cool (0) Movement Treading (160) Location -9/Materials Parts ------- > --- POWER (1) -------- Improved Ion Engine > --- PROPULSION (3) --- Light Treads Flight Unit > --- UTILITY (3) ------ Terrain Scan Processor Utility Shielding Light Armor Plating > --- WEAPON (2) ------- Light Assault Rifle Autogun > --- INVENTORY (5) ---- Light Ion Engine Peak State ------------ > --- POWER ------------ Improved Ion Engine > --- PROPULSION ------- Flight Unit > --- UTILITY ---------- Terrain Scan Processor Utility Shielding Light Armor Plating > --- WEAPON ----------- EM Shotgun Autogun > --- INVENTORY -------- Light Ion Engine [Rating: 11] Favorites ----------- Power Ion Engine Engine Ion Engine Propulsion Light Treads Treads Light Treads Wheel Compact Wheel Flight Unit Flight Unit Utility Utility Shielding Device Improved Terrain Scanner Processor Terrain Scan Processor Hackware System Shield Protection Utility Shielding Weapon EM Pulse Gun Energy Gun EM Pulse Gun Ballistic Gun Light Assault Rifle Build | -11 -10 -9 ------- Run | Yrd Mat Mat Slots Evolved 2 | . . 2 Power . | . . . Propulsion 1 | . . 1 Utility 1 | . . 1 Weapon . | . . . Parts Attached 24 | 6 3 15 Power 4 | 1 . 3 Engine 4 | 1 . 3 Core . | . . . Reactor . | . . . Propulsion 5 | 2 . 3 Treads 3 | 2 . 1 Leg . | . . . Wheel 1 | . . 1 Hover . | . . . Flight 1 | . . 1 Utility 6 | 1 1 4 Device 1 | 1 . . Storage . | . . . Processor 1 | . . 1 Hackware 1 | . . 1 Protection 3 | . 1 2 Artifact . | . . . Weapon 9 | 2 2 5 Energy Gun 5 | 2 . 3 Energy Cannon . | . . . Ballistic Gun 4 | . 2 2 Ballistic Cannon . | . . . Launcher . | . . . Special Weapon . | . . . Impact Weapon . | . . . Slashing Weapon . | . . . Piercing Weapon . | . . . Special Melee Weapon . | . . . Unidentified Prototypes . | . . . Parts Lost 15 | . 8 7 Power 3 | . 1 2 Propulsion 3 | . 2 1 Utility 2 | . 1 1 Weapon 7 | . 4 3 Highest Loss Streak 6 | . 4 6 To Critical Strikes . | . . . Average Slot Usage (%) 64 | . 76 44 Engine 7 | . 7 7 Treads 14 | . 22 1 Wheel 1 | . . 4 Flight 1 | . . 3 Device 6 | . 9 . Processor 1 | . . 2 Protection 13 | . 11 15 Energy Gun 14 | . 20 4 Ballistic Gun 3 | . 4 3 Naked Turns . | . . . Heaviest Build 17 | 10 11 17 Greatest Support 40 | 40 40 20 Greatest Overweight (x) 4 | . . 4 Average Overweight (x) . | . . . Largest Inventory Capacity 5 | 5 5 5 Average Capacity 5 | 5 5 5 Most Carried 2 | . 1 2 Average Carried . | . . . Final Capacity 5 | 5 5 5 Final Carried 1 | . 1 1 Class Distribution -------------------- 78% | Mutant 21% | Scavenger-Mutant Dominant Class ---------------- Mutant | -10/Materials Scavenger-Mutant | -9/Materials Resources | -11 -10 -9 ----------- Run | Yrd Mat Mat Matter Collected 424 | 215 98 111 Remotely . | . . . Salvage Created 484 | 21 281 182 Parts 29 | 3 11 15 Haulers Intercepted . | . . . Recyclers Shooed . | . . . Parts Field Recycled . | . . . Retrieved Matter . | . . . Parts Self-Destructed . | . . . Prevented . | . . . Kills | -11 -10 -9 ------- Run | Yrd Mat Mat Combat Hostiles Destroyed 13 | . 7 6 Guns 9 | . 5 4 AOE 4 | . 2 2 Classes Destroyed 5 | 1 2 2 Builder 1 | . . 1 Tunneler 1 | 1 . . Swarmer 6 | . 2 4 Grunt 5 | . 5 . Sentry 2 | . . 2 Best Kill Streak 5 | 1 2 5 Combat Bots Only 5 | . 2 5 Max Kills in Single Turn 2 | 1 1 2 Gunslinging . | . . . Exploded 2 | . 1 2 Melee . | . . . Uniques/NPCs Destroyed . | . . . Combat | -11 -10 -9 -------- Run | Yrd Mat Mat Hostile Shots Fired 195 | . 89 106 Missed 33 | . 15 18 Damage Taken 1765 | . 854 911 Core 620 | . 213 407 Absorbed by Shields . | . . . Redirected to Shielding 12 | . 8 4 Core Remaining (%) 57 | 100 14 . Volleys Fired 61 | 1 44 16 Largest 2 | 2 2 2 Hottest 101 | 80 80 101 Shots Fired 89 | 2 67 20 Gun 89 | 2 67 20 Cannon . | . . . Launcher . | . . . Special . | . . . Kinetic 42 | . 34 8 Thermal 3 | . . 3 Explosive . | . . . Electromagnetic 44 | 2 33 9 Robot Hit Streak 8 | 2 7 8 Robot Miss Streak 5 | . 3 5 Penetration Max . | . . . Secondary Targets 1 | . 1 . Max Gunslinging Chain 1 | . 1 . Shots Hit Robots 64 | 2 48 14 Core Hits 23 | 1 13 9 Critical Kills . | . . . Critical Parts Destroyed . | . . . Critical Strikes . | . . . Melee Attacks . | . . . Impact . | . . . Slashing . | . . . Piercing . | . . . Sneak Attacks . | . . . Combat Hostiles . | . . . Follow-up Attacks . | . . . Damage Inflicted 933 | 25 595 313 Guns 700 | 25 486 189 Cannons . | . . . Explosions 227 | . 103 124 Melee . | . . . Ramming 6 | . 6 . Kinetic 300 | . 198 102 Thermal 242 | . 103 139 Explosive . | . . . Electromagnetic 385 | 25 288 72 Impact . | . . . Slashing . | . . . Piercing . | . . . Highest Corruption . | . . . Average Corruption . | . . . Corruption Purged . | . . . Corruption Blocked . | . . . Overload Shots . | . . . Overflow Damage 2 | . 2 . Projectiles . | . . . Explosions 2 | . 2 . Melee . | . . . Knockbacks . | . . . Impact . | . . . Kinetic . | . . . Secondary . | . . . Self-Inflicted Damage 108 | . 80 28 Shots 3 | . 2 1 Rammed 2 | . 2 . Targets Rammed 2 | . 2 . Kicked . | . . . Crushed . | . . . Highest Temperature 289 | 18 289 45 Average Temperature 83 | 12 103 16 Received Heat Transfer 402 | . 312 90 Siege Activations . | . . . Robots Corrupted . | . . . Combat Hostiles . | . . . Parts Fried 2 | . 2 . Impact Corruptions . | . . . Robots Melted . | . . . Combat Hostiles . | . . . Parts Melted . | . . . Heat Transferred 337 | . 100 237 Parts Sabotaged . | . . . Parts Stolen . | . . . Parts Stripped . | . . . Power Chain Reactions 3 | . 2 1 Alert | -11 -10 -9 ------- Run | Yrd Mat Mat Peak Influence 174 | 5 145 174 Initial 56 | . 3 56 Average 68 | 1 65 104 Maximum Alert Level . | . . . Low Security (%) 100 | 100 100 100 Level 1 . | . . . Level 2 . | . . . Level 3 . | . . . Level 4 . | . . . Level 5 . | . . . High Security . | . . . Max Security . | . . . Squads Dispatched 3 | . 2 1 Investigation 1 | . 1 . Extermination . | . . . Reinforcement 2 | . 1 1 Assault . | . . . Garrison . | . . . Intercept . | . . . Searches Triggered . | . . . Construction Impeded . | . . . Haulers Reinforced . | . . . Active Scanning Responses . | . . . Cargo Convoy Interrupts . | . . . Stealth | -11 -10 -9 --------- Run | Yrd Mat Mat Distress Signals 2 | . 2 . Communications Jammed . | . . . Distress Signals . | . . . Times Spotted 27 | . 12 15 Peak Tracking Total 7 | . 6 7 Tactical Retreats . | . . . Traps | -11 -10 -9 ------- Run | Yrd Mat Mat Traps Triggered . | . . . Indirectly . | . . . Trap Hack Attempts . | . . . Triggered . | . . . Disarmed . | . . . Reprogrammed . | . . . Reused . | . . . Traps Extracted . | . . . Installed . | . . . Triggered . | . . . Machines | -11 -10 -9 ---------- Run | Yrd Mat Mat Machines Disabled 1 | . 1 . Max in Single Turn 1 | . 1 . Machines Repaired . | . . . Machines Dismantled . | . . . Machines Sabotaged . | . . . Overloaded Fab Kills . | . . . Hacking | -11 -10 -9 --------- Run | Yrd Mat Mat Machines Accessed 3 | . 3 . Terminals 2 | . 2 . Fabricators . | . . . Repair Stations . | . . . Recycling Units 1 | . 1 . Scanalyzers . | . . . Garrison Access . | . . . Total Hacks 8 | . 8 . Successful 5 | . 5 . Failed 3 | . 3 . Catastrophic . | . . . Database Lockouts . | . . . Manual . | . . . Terminals 7 | . 7 . Fabricators . | . . . Repair Stations . | . . . Recycling Units 1 | . 1 . Scanalyzers . | . . . Garrison Access . | . . . Terminal Hacks 4 | . 4 . Locate Traps 1 | . 1 . Maintenance Status 1 | . 1 . Hauler Manifests 1 | . 1 . Zone Layout 1 | . 1 . Fabricator Hacks . | . . . Repair Station Hacks . | . . . Recycling Unit Hacks 1 | . 1 . Retrieve Components 1 | . 1 . Scanalyzer . | . . . Garrison Access Hacks . | . . . Unauthorized Hacks . | . . . Terminals . | . . . Fabricators . | . . . Repair Stations . | . . . Recycling Units . | . . . Scanalyzers . | . . . Garrison Access . | . . . Data Cores Recovered . | . . . Used . | . . . Hacking Detections 2 | . 2 . Full Trace Events 1 | . 1 . Feedback Events . | . . . Feedback Blocked . | . . . Robot Schematics Acquired . | . . . Robots Built . | . . . Authchips . | . . . Time . | . . . Total Robot Build Rating . | . . . Part Schematics Acquired . | . . . Parts Built . | . . . Authchips . | . . . Time . | . . . Total Part Build Rating . | . . . Parts Repaired . | . . . Time . | . . . Parts Recycled . | . . . Recycled Matter . | . . . Retrieved Matter . | . . . Retrieved Components 3 | . 3 . Parts Scanalyzed . | . . . Part Schematics Acquired . | . . . Parts Damaged . | . . . Bothacking | -11 -10 -9 ------------ Run | Yrd Mat Mat Used RIF Installer . | . . . Robots Hacked . | . . . Non-combat . | . . . Combat . | . . . Robot Hacks Applied . | . . . Relay Couplers Released . | . . . Fabnet Peak Effective % . | . . . Robots Rewired . | . . . Allies Hacked . | . . . Hacks Repelled . | . . . Allies | -11 -10 -9 -------- Run | Yrd Mat Mat Total Allies . | . . . Largest Group . | . . . Highest-Rated Group . | . . . Highest-Rated Ally . | . . . Total Orders . | . . . Ally Attacks . | . . . Total Damage . | . . . Kills . | . . . Allies Corrupted . | . . . Allies Melted . | . . . Intel | -11 -10 -9 ------- Run | Yrd Mat Mat Robot Analysis Total . | . . . Derelict Logs Recovered . | . . . Drone Launches . | . . . Drone Recoveries . | . . . Exploration | -11 -10 -9 ------------- Run | Yrd Mat Mat Turns Passed 640 | 92 339 209 Spaces Moved 341 | 54 164 123 Core 58 | 5 35 18 Treads 188 | 49 129 10 Legs . | . . . Wheels 87 | . . 87 Hover . | . . . Flight 8 | . . 8 Fastest Speed 50 | 50 50 50 Average Speed 132 | 149 136 120 Slowest Speed 360 | 160 160 360 Overloaded Moves . | . . . Propulsion Burnouts . | . . . Robots Hopped . | . . . Cave-ins Triggered . | . . . Exploration Rate (%) 16 | 4 32 13 Regions Visited 2 Branch Regions . Pre-discovered Areas . | . . . Known Exits Taken . | . . . Unknown Exits Taken 2 | 1 1 . Scrap Searched . | . . . Spaces Dug . | . . . Terrain Destroyed 6 | . 4 2 Melee . | . . . Projectile . | . . . AOE 6 | . 4 2 Terrain Rammed . | . . . Walls Destroyed . | . . . Machines Disabled . | . . . Actions | -11 -10 -9 --------- Run | Yrd Mat Mat Total 437 | 60 216 161 Wait 7 | . 3 4 Move 339 | 53 163 123 Hop . | . . . Pick Up 3 | . 1 2 Fast Attach 22 | 6 3 13 Attach 1 | . . 1 Detach . | . . . Swap 1 | . . 1 Drop 1 | . . 1 Fire 61 | 1 44 16 Melee . | . . . Ram 2 | . 2 . Kick . | . . . Crush . | . . . Escape Stasis . | . . . Rewire . | . . . Trap . | . . . Miscellaneous . | . . . Route ------- -11/Scrapyard -10/Materials -9/Materials History --------- Turn | Location | Event 2 | -11/Scrapyard | Met Revision 17 5 | -11/Scrapyard | Discovered new exit (range 15) 93 | -11/Scrapyard | Entered Materials 314 | -10/Materials | Build established: Mutant 371 | -10/Materials | Lost 4 parts (1n1u2w) 383 | -10/Materials | Core integrity fell below 50% 428 | -10/Materials | Discovered new exit (range 8) 429 | -10/Materials | Core integrity fell below 20% 432 | -10/Materials | Entered another Materials area 432 | -9/Materials | Evolved 2 slots: Propulsion x1, Utility x1 444 | -9/Materials | Lost 3 parts (1n2w) 528 | -9/Materials | Core integrity fell below 50% 544 | -9/Materials | Core integrity fell below 20% 584 | -9/Materials | Lost 6 parts (2p1n1u2w) 641 | -9/Materials | Destroyed by B-36 Bruiser with Hammer Last Messages --------------- EM Shotgun destroyed. K-01 Serf collects debris. Critical hit (Destroy). K-01 Serf collects debris. Y-45 Defender destroyed. Acquired 59 matter. K-01 Serf collects debris. Acquired Lgt. Armor Plating. Dropped Lgt. Armor Plating. K-01 Serf collects debris. Acquired 36 matter. K-01 Serf collects debris. ALERT: Hostiles spotted, dispatching reinforcements to Terminal M010. Acquired Lgt. Treads. K-01 Serf collects debris. R-06 Scavenger collects Lgt. Armor Plating. R-06 Scavenger collects Heat Sink. Acquired Lgt. Assault Rifle. R-06 Scavenger collects Heat Sink. Map ----- +----------------------------------------------------+ | ???# ????????????????? | | ???# ????????????????? | | ???# ????????????????? | | ???####+##### #####+##########?????????????????? | | ???# # #????????????????????????????????? | | ???# """ # #????????????????????????????????? | | ???# """ # #????????????????????????????????? | | ???# """ # #????????????????????????????????? | | ???# # #????????????????????????????????? | | ???# """ # #????????????????????????????????? | | ???# """ # #????????????????????????????????? | | ???# """ # #????????????????????????????????? | | ???# # #????????????????????????????????? | | ???########## #????????????????????????????????? | | ????????????# #?########???????????????????????? | | ????????????# #?#!!!!!!#???????????????????????? | | ????????????# #?#! !!!!#???????????????????????? | | ????????????# #?# #???????????????????????? | | ????????????# #?## ####???????????????????????? | | ????????????# #### #??????????????????????????? | | ????????????# #??????????????????????????? | | ????????????# ###????????????????????????? | | ????????????# # ######???????????????????? | | ?????#####+## #[*% #???????????????????? | | ?????# # #???????????????????? | | ?????# /r @ #???????????????????? | | ?????#""" #% b #???????????????????? | | ??????"R # #???????????????????? | | ?????#""" !! # #???????????????????? | | ????? !! #gg "" #???????????????????? | | ???? !! /g Y" #???????????????????? | | ?????+############# # "" #???????????????????? | | ??????????????????# # #???????????????????? | | ??????????????????# ########???????????????????? | | ?????????????????# ??????????????????????????? | | ?????????????????# "" ?????????????????????????? | | ?????????????????# T ?????????????????????????? | | ?????????????????# ?????????????????????????? | | ?????????????????# ##????????????????????????? | | ?????????????????#######?????????????????????????? | | ?????????????????????????????????????????????????? | | ?????????????????????????????????????????????????? | | ?????????????????????????????????????????????????? | | ?????????????????????????????????????????????????? | | ?????????????????????????????????????????????????? | | ?????????????????????????????????????????????????? | | ?????????????????????????????????????????????????? | | | | | | | +----------------------------------------------------+ Best States ------------- Heat Dissipation 28 Energy Generation 12 Energy Capacity 265 Matter Stores 300 Matter Capacity 300 Sight Range 16 Terrain Scan Range 16 Terrain Scan Density 85 Armor Coverage 150 Utility Shielding 33 Evasion (%) 50 Recoil Reduction 2 Defensive Hacking 10 Item Schematics ----------------- None Robot Schematics ------------------ None Fabricated ------------ Nothing Alien Tech Used ----------------- None Achievements -------------- None Challenges ------------ None Game ------ Seed SmartbombTargetingFrame Manual? 0 Play Time 00:10:40 Cumulative 11.4 hours Start 2024.05.14 @ 19:21:26 End 2024.05.14 @ 19:33:03 Sessions 1 Manual Loads 0 Difficulty Rogue Special Mode None Game No. 34 Rogue 34 Adventurer 0 Explorer 0 Win Type - Total 0 Types 0/0/0/0/0/0/0/0/0 Lore% 17 Gallery% 23 Achievement% 17 Wizard Run 0 Options --------- Layout 1 ASCII 0 Keyboard 0 Movement Mouse Keybinds 0 Fullscreen 1 Font 24/Smallcaps Map View 50x35 Zoom Use 0% Tactical HUD 0 Map Filters NONE Filters NONE Steam 1 RUN: 3411b59c-e2ae-4a82-9953-362e863c39ea